 Dungeon Crawl Stone Soup version 0.29.1-12-g30fa7ad0bf (webtiles) character file.

Game seed: 3278259478919838260

103059 Gabide the Warrior (level 15, -18/137 HPs)
             Began as a Mummy Berserker on Dec 16, 2022.
             Was a High Priest of Trog.
             Demolished by an orc warlord
             ... wielding a +2 bardiche
              (33 damage)
             ... on level 1 of the Orcish Mines.
             The game lasted 01:05:00 (30327 turns).

Gabide the Warrior (Mummy Berserker)               Turns: 30327, Time: 01:05:01

Health: -18/137    AC: 20    Str: 35    XL:     15   Next: 88%
Magic:  0/15       EV: 20    Int:  7    God:    Trog [*****.]
Gold:   2410       SH:  0    Dex: 12    Spells: 14/14 levels left

rFire   + . .      SeeInvis .     - Unarmed
rCold   + . .      Faith    .   (no shield)
rNeg    + + +      Spirit   +   J - +3 leather armour of the Doldrums {rF++ Int+2}
rPois   ∞          Reflect  .   D - +2 helmet {Int+3}
rElec   .          Harm     .   c - +4 cloak of the Lotus Blossom {Rampage rN+ Str+7 Int-4}
rCorr   .          Rampage  +   k - +2 pair of gloves
Will    ++...                   G - +2 pair of boots {Fly}
Stlth   +.........              v - amulet of guardian spirit
HPRegen 0.32/turn               H - ring of willpower
MPRegen 0.14/turn               w - +4 ring of evasion

@: flying
A: cold resistance 1, negative energy resistance 3, torment resistance 2, heat
vulnerability 1, in touch with death 2, no potions
a: Renounce Religion, Trog's Hand, Brothers in Arms


You were on level 1 of the Orcish Mines.
You worshipped Trog.
Trog was extremely pleased with you.
You visited 3 branches of the dungeon, and saw 22 of its levels.
You visited 1 bazaar.
You also visited: Volcano.

You collected 3622 gold pieces.
You spent 1212 gold pieces at shops.

Inventory:

Hand Weapons
 a - a +0 sling of venom
 b - a +1 demon whip of flaming
 n - a +4 antimagic eveningstar
Missiles
 f - 10 atropa-tipped darts
 g - 15 boomerangs (quivered)
Armour
 c - the +4 cloak of the Lotus Blossom (worn) {Rampage rN+ Str+7 Int-4}
   (You found it on level 4 of the Dungeon)

   Str:       It affects your strength (+7).
   Int:       It affects your intelligence (-4).
   rN:        It protects you from negative energy.
   Rampage:   It bestows one free step when moving towards enemies.
 k - a +2 pair of gloves (worn)
 D - a +2 helmet of intelligence (worn)
 G - a +2 pair of boots of flying (worn)
 J - the +3 leather armour of the Doldrums (worn) {rF++ Int+2}
   (You took it off a deep elf pyromancer on level 10 of the Dungeon)

   Int:       It affects your intelligence (+2).
   rF:        It greatly protects you from fire.
Jewellery
 d - a ring of protection from cold
 e - the ring "Ylaim" {rPois rN+ Dex+4}
   (You took it off a boggart on level 10 of the Dungeon)

   [ring of poison resistance]

   Dex:       It affects your dexterity (+4).
   rPois:     It protects you from poison.
   rN:        It protects you from negative energy.
 m - a ring of see invisible
 q - a ring of resist corrosion
 r - a +6 ring of intelligence
 v - an amulet of guardian spirit (around neck)
 w - a +4 ring of evasion (right hand)
 B - an amulet of reflection
 C - a ring of ice
 E - a ring of fire
 F - a ring of flight
 H - a ring of willpower (left hand)
 N - a +6 ring of strength
Wands
 i - a wand of flame (32)
 j - a wand of digging (2)
 o - a wand of polymorph (12)
 p - a wand of quicksilver (5)
 x - a wand of mindburst (25)
 z - a wand of paralysis (8)
Scrolls
 h - 5 scrolls of teleportation
 l - 3 scrolls of magic mapping
 t - a scroll of silence
 u - 2 scrolls of brand weapon
 y - 4 scrolls of blinking
 I - 4 scrolls of enchant weapon
 K - a scroll of fear
 L - a scroll of enchant armour
 M - a scroll of butterflies
 O - a scroll of torment


   Skills:
 * Level 18.4 Fighting
 - Level 1.5 Armour
 + Level 11.2 Dodging
 * Level 17.6 Unarmed Combat


You had 14 spell levels left.
You didn't know any spells.
Your spell library was empty.

Dungeon Overview and Level Annotations

Branches:
Dungeon (15/15)            Temple (0/1) D:4            Lair (5/5) D:11
  Swamp (0/4) Lair:2        Snake (0/4) Lair:3        Slime (0/5) Lair:5
    Orc (2/2) D:9          Vaults (0/5) D:13         Depths (0/4) D:15
Volcano (visited)
    Elf: Orc:2

Altars:
Ashenzari
Gozag
Kikubaaqudgha
Makhleb
Okawaru
Qazlal
Sif Muna
Wu Jian
Xom
Yredelemnul
Jiyva

Shops:
D:1 *   D:4 ?   D:8 (   D:12 [   D:13 (=(   Orc:1 **!*

Annotations:
D:13 exclusion: downstairs


Innate Abilities, Weirdness & Mutations

You are immune to poison.
Your flesh is cold resistant. (rC+)
You are immune to negative energy. (rN+++)
You are immune to unholy pain and torment.
You are vulnerable to heat. (rF-)
You are strongly in touch with the powers of death.
You do not drink.


Message History

The orc warlord struggles against the net.
Aiming: Paralyse
Press: ? - help, Shift-Dir - straight line, f/p - orc warlord
Aim: an orc warlord, wielding a +2 bardiche and wearing a +0 chain mail (heavily wounded, entangled in a net, constricted by roots, chance to affect: 17%)
The orc warlord resists with almost no effort.
The grasping roots constrict the orc warlord.
The roots release their grip on the orc warlord.
The orc warlord struggles against the net.
The net rips apart, and the orc warlord comes free!
Okay, then.
That's the wrong kind of item! (Use * to select it.) Fire/throw/use which item? ([*] to toss any item) (? for menu, Esc to quit)
Okay, then.
Throw: throwing net
Press: ? - help, Shift-Dir - straight line, f/p - orc warlord
Aim: an orc warlord, wielding a +2 bardiche and wearing a +0 chain mail (heavily wounded, 73% to hit)
You throw a throwing net.
The throwing net closely misses the orc warlord.
The orc warlord hits you but does no damage.
Press: ? - help, v - describe, . - travel
Here: an orc warlord, wielding a +2 bardiche and wearing a +0 chain mail (heavily wounded)
The floor.
Unknown command.
Your troll goes berserk!
The orc warlord hits you with a +2 bardiche!!
* * * LOW HITPOINT WARNING * * *
Aiming: Fastroot
Press: ? - help, Shift-Dir - straight line, f/p - orc warlord
Aim: an orc warlord, wielding a +2 bardiche and wearing a +0 chain mail (heavily wounded, ally target)
The roots erupt in riotous growth!
Roots grab the orc warlord.
The now-empty wand crumbles to dust.
The grasping roots constrict the orc warlord!
The orc warlord hits you with a +2 bardiche!
* * * LOW HITPOINT WARNING * * *
The grasping roots constrict the orc warlord.
The roots release their grip on the orc warlord.
Your troll bites the orc warlord!!
Your troll claws the orc warlord. x2
The orc warlord hits you from afar with a +2 bardiche!!
You die...

###........#.....#.........'
##............PP......)))..)#
#.............P∩P...#.).))..8
##.............PPP..###)#)#...
#.......>..........###....#...
##.).............#.###....###.
###................##..∩.....
##.#...............#.........
#..........)@..#....#........
##.#.......>>.###.......#....
##....#....oT#####..........
##...........# #..........
##.........######.#.......
##...........#.####........
#........<.......###.......
##......##...#.............
#....#####(##.........#....


You could see an orc warlord (ally target) and a friendly troll (summoned,
berserk).

Vanquished Creatures
  Jorgrun (D:15)
  Agnes (D:14)
  Louise (D:15)
  A very ugly thing (D:15)
  A dire elephant (Lair:5)
  Snorg (Orc:2)
  Fannar (D:12)
  Josephine (D:13)
  9 hydras
  2 vault guards (D:13)
  An ogre mage (D:15)
  A catoblepas (Lair:5)
  10 two-headed ogres
  3 boulder beetles
  5 centaur warriors
  The ghost of Xelitey Juot the Cleaver, a novice MiFi of Cheibriados (Orc:1)
  A dancing weapon (Volcano)
  A death knight (D:9)
  Erica (Orc:1)
  9 death yaks (Lair:5)
  A deep troll shaman (Lair:5)
  An orc high priest (Orc:1)
  The ghost of daba11 the Cleaver, a novice MiBe of Trog (D:8)
  Amaemon (D:8)
  A fire crab (shapeshifter) (D:15)
  A glowing orange brain (D:15)
  A bog body (Lair:2)
  5 wizards (Volcano)
  3 deep elf pyromancers
  Pikel (D:8)
  An orc knight (D:10)
  A wolf spider (D:10)
  19 ugly things
  2 oklob plants (D:8)
  6 cyclopes
  3 manticores (D:13)
  A guardian serpent (D:10)
  4 black mambas
  5 toenail golems (Volcano)
  7 elephants
  An orange demon (D:8)
  9 cane toads
  3 gargoyles
  The ghost of Henri the Chiller, a novice DsIE (D:5)
  Maggie (D:8)
  3 unseen horrors
  An unseen horror zombie (D:7)
  2 kobold demonologists
  A rime drake (Lair:2)
  2 efreet
  5 komodo dragons
  A komodo dragon (shapeshifter) (D:15)
  A yaktaur (D:15)
  2 polar bears
  A hornet (D:10)
  9 trolls
  A polar bear (shapeshifter) (D:13)
  18 blink frogs
  7 slime creatures
  A centaur simulacrum (D:15)
  3 water elementals
  49 yaks
  Sigmund (D:2)
  3 wyverns
  A vampire (D:11)
  8 wraiths
  10 humans (D:13)
  3 basilisks
  3 fire bats (Lair:4)
  Grum (D:9)
  3 steam dragons
  6 vampire mosquitoes
  8 wargs
  Menkaure (D:5)
  6 nagas (Lair:3)
  3 acid dragons
  12 water moccasins
  10 orc warriors
  2 sky beasts (D:7)
  2 ice beasts
  4 black bears
  27 wolves
  4 ogres
  10 centaurs
  6 boggarts
  5 kobold brigands
  24 bullfrogs
  7 scorpions
  4 gnoll sergeants
  20 wights
  6 killer bees (D:9)
  5 howler monkeys
  3 electric eels
  A bullfrog zombie (D:7)
  3 crimson imps
  4 jellies
  A wyvern simulacrum (D:5)
  4 hounds
  6 orc priests
  A gnoll bouda (D:4)
  Crazy Yiuf (D:3)
  2 iguanas (D:7)
  Ijyb (D:3)
  16 orc wizards
  A scorpion simulacrum (D:5)
  A killer bee simulacrum (D:5)
  7 adders
  16 gnolls
  A hound simulacrum (D:5)
  2 shadow imps
  2 white imps (D:5)
  2 worms
  A dart slug (D:1)
  2 adder simulacra (D:5)
  47 orcs
  4 ball pythons
  2 bats
  3 endoplasms
  2 giant cockroaches
  5 hobgoblins
  5 jackals
  27 kobolds
  3 quokkas
  2 frilled lizards
  A goblin (D:1)
  2 rats (D:3)
625 creatures vanquished.

Vanquished Creatures (collateral kills)
  A hydra (Lair:1)
  An ugly thing (D:15)
  A manticore (D:15)
  A slime creature (D:15)
4 creatures vanquished.

Vanquished Creatures (others)
  A wight (D:8)
  A gnoll (D:11)
  An orc (D:8)
  2 kobolds (D:8)
  41 fungi
  42 plants
88 creatures vanquished.

Grand Total: 717 creatures vanquished

Notes
Turn   | Place    | Note
-------+----------+-------------------------------------------
     0 | D:1      | Gabide the Mummy Berserker began the quest for the Orb.
     0 | D:1      | Reached XP level 1. HP: 18/18 MP: 1/1
    91 | D:1      | Reached XP level 2. HP: 15/24 MP: 2/2
   360 | D:1      | Found a faded altar of an unknown god.
   394 | D:1      | Found Othripit's General Store.
   403 | D:1      | Bought a scroll of identify for 20 gold pieces
   403 | D:1      | Bought a scroll of noise for 10 gold pieces
   403 | D:1      | Bought a scroll of immolation for 40 gold pieces
   862 | D:2      | Noticed Sigmund
   869 | D:2      | Killed Sigmund
   870 | D:2      | Reached skill level 4 in Fighting
   870 | D:2      | Gained mutation: You are in touch with the powers of death.
                  | [Mummy growth]
   870 | D:2      | Reached XP level 3. HP: 20/31 MP: 3/3
   870 | D:2      | Reached XP level 4. HP: 25/38 MP: 4/4
   870 | D:2      | Reached XP level 5. HP: 28/43 MP: 5/5
  1866 | D:3      | Found a runed translucent door.
  1867 | D:3      | Noticed Crazy Yiuf
  2247 | D:3      | Noticed Ijyb
  2839 | D:4      | Reached ** piety under Trog
  2885 | D:4      | Reached XP level 6. HP: 24/50 MP: 6/6
  3098 | D:4      | Identified the +4 cloak of the Lotus Blossom {Rampage rN+
                  | Str+7 Int-4}
  3199 | D:4      | Reached skill level 5 in Fighting
  3517 | D:4      | Found Cioxteah's Magic Scroll Shop.
  3525 | D:4      | Bought a scroll of teleportation for 42 gold pieces
  3525 | D:4      | Bought a scroll of poison for 56 gold pieces
  3525 | D:4      | Bought a scroll of teleportation for 42 gold pieces
  3525 | D:4      | Bought a scroll of teleportation for 42 gold pieces
  3657 | D:4      | Found a staircase to the Ecumenical Temple.
  3823 | D:5      | Entered Level 5 of the Dungeon
  3880 | D:5      | Noticed an ice beast
  3896 | D:5      | Killed an ice beast
  3897 | D:5      | Reached XP level 7. HP: 45/57 MP: 7/7
  4733 | D:3      | Killed Ijyb
  4872 | D:5      | Reached skill level 6 in Fighting
  4872 | D:5      | Reached skill level 5 in Unarmed Combat
  5014 | D:5      | Found a runed translucent gate.
  5016 | D:5      | Found a runed translucent gate.
  5017 | D:5      | Found a runed translucent gate.
  5144 | D:5      | Noticed Henri's ghost (novice DsIE)
  5463 | D:4      | Reached XP level 8. HP: 59/65 MP: 8/8
  6221 | D:5      | Found a shimmering altar of Xom.
  6277 | D:6      | Reached skill level 7 in Fighting
  6506 | D:6      | Noticed Menkaure
  6694 | D:5      | Reached *** piety under Trog
  6745 | D:5      | Killed Menkaure
  7113 | D:5      | Reached skill level 8 in Fighting
  7115 | D:5      | Reached XP level 9. HP: 60/74 MP: 9/9
  7861 | D:7      | Reached skill level 5 in Dodging
  8053 | D:7      | Found a burning altar of Makhleb.
  8076 | D:7      | Reached skill level 9 in Fighting
  8102 | D:7      | Found a broken altar of Ashenzari.
  8228 | D:7      | Found a large runed translucent door.
  8228 | D:7      | Found a large runed translucent door.
  8236 | D:7      | Noticed a troll
  8242 | D:7      | Found a large runed translucent door.
  8242 | D:7      | Found a large runed translucent door.
  8299 | D:7      | Killed a troll
  8403 | D:7      | Found the +2 cloak of the Thief {*Fog Slay-2 SInv Stlth+}
  8507 | D:7      | Noticed a two-headed ogre
  8858 | D:7      | You fall into a shaft and drop 3 floors!
  8858 | D:10     | Entered Level 10 of the Dungeon
  8936 | D:9      | Identified the +0 ring mail "Ocappene" {rCorr MP+9}
  9014 | D:8      | Found a transporter.
  9110 | D:8      | Found a transporter.
  9111 | D:8      | Noticed a green ugly thing
  9118 | D:8      | Noticed an oklob plant
  9137 | D:8      | Found a shimmering blue altar of Sif Muna.
  9183 | D:8      | Reached XP level 10. HP: 82/84 MP: 8/10
  9195 | D:8      | Found an ancient bone altar of Kikubaaqudgha.
  9277 | D:8      | Noticed Maggie
  9313 | D:8      | Killed Maggie
  9350 | D:8      | Reached skill level 10 in Fighting
  9380 | D:8      | Noticed Pikel
  9398 | D:8      | Killed Pikel
  9755 | D:8      | Noticed an oklob plant
  9757 | D:8      | Noticed daba11's ghost (novice MiBe)
  9858 | D:8      | Found an ornate altar of the Wu Jian Council.
  9858 | D:8      | Noticed Amaemon
  9858 | D:8      | Noticed an orange demon
  9900 | D:8      | Killed Amaemon
  9903 | D:8      | Killed an orange demon
 10090 | D:8      | Found Taq Cuga's Weapon Boutique.
 10098 | D:8      | Bought a throwing net for 36 gold pieces
 10295 | D:1      | Bought a +2 helmet of intelligence for 215 gold pieces
 10451 | D:5      | Killed Henri's ghost
 10577 | D:3      | Killed Crazy Yiuf
 10709 | D:7      | Noticed a red ugly thing
 10718 | D:7      | Killed a green ugly thing
 10719 | D:7      | Reached skill level 11 in Fighting
 10763 | D:7      | Killed a two-headed ogre
 10764 | D:7      | Reached XP level 11. HP: 93/93 MP: 11/11
 10807 | D:7      | Reached **** piety under Trog
 10916 | D:7      | Found a basalt altar of Yredelemnul.
 11236 | D:9      | Noticed Grum
 11255 | D:9      | Killed Grum
 11354 | D:9      | Found a staircase to the Orcish Mines.
 12096 | D:10     | Noticed a two-headed ogre
 12105 | D:10     | Killed a two-headed ogre
 12106 | D:10     | Reached skill level 10 in Unarmed Combat
 12362 | D:10     | Noticed a two-headed ogre
 12382 | D:10     | Reached skill level 12 in Fighting
 12386 | D:10     | Killed a two-headed ogre
 12882 | D:10     | Noticed an orc knight
 12883 | D:10     | an orc knight changed into a guardian serpent
 13024 | D:10     | Noticed a centaur warrior
 13038 | D:10     | Killed a centaur warrior
 13168 | D:10     | Noticed a wolf spider
 13182 | D:10     | Killed a wolf spider
 13204 | D:10     | Noticed a centaur warrior
 13216 | D:10     | Killed a centaur warrior
 13380 | D:10     | Identified the +3 leather armour of the Doldrums {rF++
                  | Int+2}
 13380 | D:10     | Noticed a deep elf pyromancer
 13381 | D:10     | Noticed a death knight
 13391 | D:10     | Noticed a red ugly thing
 13672 | D:9      | Killed a death knight
 13673 | D:9      | Reached XP level 12. HP: 97/103 MP: 10/12
 14056 | D:10     | Reached skill level 13 in Fighting
 14113 | D:10     | Identified the ring "Ylaim" {rPois rN+ Dex+4}
 14688 | D:8      | Killed daba11's ghost
 15092 | D:11     | Identified the +2 pair of boots "Sotiurr" {rC+ Str-5 Dex+2}
 15490 | D:11     | Found a staircase to the Lair.
 15508 | D:11     | Noticed a two-headed ogre
 15521 | D:11     | Killed a two-headed ogre
 15568 | D:11     | Noticed a boulder beetle
 15582 | D:11     | Reached skill level 14 in Fighting
 15609 | D:11     | Killed a boulder beetle
 16135 | Lair:1   | Entered Level 1 of the Lair of Beasts
 16319 | Lair:1   | Identified the +4 short sword "Pubusmel" {freeze, *Rage rN+
                  | Int+2}
 16573 | Lair:1   | Reached ***** piety under Trog
 16603 | Lair:1   | Noticed a five-headed hydra
 16656 | Lair:1   | Killed a five-headed hydra
 16657 | Lair:1   | Gained mutation: You are strongly in touch with the powers
                  | of death. [Mummy growth]
 16657 | Lair:1   | Reached XP level 13. HP: 54/114 MP: 11/13
 16999 | Lair:1   | Identified a scroll of acquirement
 17000 | Lair:1   | Acquired a manual of Unarmed Combat
 17506 | Lair:2   | Found a staircase to the Swamp.
 19122 | Lair:3   | Reached skill level 15 in Fighting
 19958 | Lair:3   | Found a staircase to the Snake Pit.
 20682 | Lair:4   | Received a gift from Trog
 20689 | Lair:4   | Found a dark tunnel.
 20698 | Volcano  | Entered a volcano
 20886 | Volcano  | Reached XP level 14. HP: 114/124 MP: 12/14
 21569 | Lair:4   | Reached skill level 16 in Fighting
 22018 | Lair:4   | Reached skill level 15 in Unarmed Combat
 22267 | Lair:5   | Entered Level 5 of the Lair of Beasts
 22714 | Lair:5   | Reached skill level 10 in Dodging
 23866 | Lair:5   | Found a viscous altar of Jiyva.
 23867 | Lair:5   | Found a staircase to the Slime Pits.
 24503 | D:12     | Noticed Fannar
 24528 | D:12     | Killed Fannar
 24590 | D:12     | Reached skill level 17 in Fighting
 24990 | D:12     | Found a viscous altar of Jiyva.
 25000 | D:12     | Received a gift from Trog
 25181 | D:12     | Found Uvvikuthrye's Antique Armour Shoppe.
 25231 | D:13     | Found a flickering gateway to a bazaar.
 25256 | Bazaar   | Entered a bazaar
 25256 | Bazaar   | Found Gattiap's Antique Weapon Boutique.
 25256 | Bazaar   | Found Janamoit's Magic Scroll Shoppe.
 25256 | Bazaar   | Found Amox's Antique Weapon Shop.
 25256 | Bazaar   | Found Birhovuc's Jewellery Shoppe.
 25258 | Bazaar   | Found Ydujahum's Antique Weapon Shop.
 25258 | Bazaar   | Found Dowuh's Antique Weapon Emporium.
 25277 | Bazaar   | Bought a scroll of blinking for 90 gold pieces
 25277 | Bazaar   | Bought a scroll of teleportation for 36 gold pieces
 25277 | Bazaar   | Bought a scroll of blinking for 90 gold pieces
 25277 | Bazaar   | Bought 2 scrolls of enchant armour for 180 gold pieces
 25635 | D:13     | Found Olebleon's Antique Weapon Shop.
 25655 | D:13     | Noticed Josephine
 25666 | D:13     | Killed Josephine
 25857 | D:13     | Found Gelou's Weapon Boutique.
 25937 | D:13     | Reached XP level 15. HP: 133/134 MP: 15/15
 26052 | D:13     | Found Huytetak's Jewellery Boutique.
 26271 | D:13     | Found a gate to the Vaults.
 26555 | D:14     | Noticed Agnes
 27087 | D:14     | Killed Agnes
 27192 | D:14     | Found a burning altar of Makhleb.
 27197 | D:14     | Identified the +2 robe of the Sky {Dex+3}
 27568 | D:15     | Entered Level 15 of the Dungeon
 27594 | D:15     | Noticed Jorgrun
 27638 | D:15     | Killed Jorgrun
 27761 | D:15     | Received a gift from Trog
 27871 | D:15     | Noticed Louise
 27878 | D:15     | Killed Louise
 28208 | D:15     | Found a stormy altar of Qazlal.
 28311 | D:15     | Found an iron altar of Okawaru.
 28437 | D:15     | Reached skill level 18 in Fighting
 28758 | D:15     | Found a staircase to the Depths.
 29497 | Orc:1    | Entered Level 1 of the Orcish Mines
 29498 | Orc:1    | Found Juecvuoll's General Store.
 29502 | Orc:1    | Found Huluest's Assorted Antiques.
 29518 | Orc:1    | Found Megroecu's Distillery.
 29523 | Orc:1    | Noticed Erica
 29536 | Orc:1    | Killed Erica
 29960 | Orc:1    | Found Betranau's Antique Weapon Boutique.
 30090 | Orc:1    | Found a runed translucent gate.
 30090 | Orc:1    | Found a runed translucent gate.
 30092 | Orc:1    | Found an opulent altar of Gozag.
 30093 | Orc:1    | Found a runed translucent gate.
 30093 | Orc:1    | Found Zeylopro's Assorted Antiques.
 30094 | Orc:1    | Noticed Xelitey Juot's ghost (novice MiFi)
 30110 | Orc:1    | Killed Xelitey Juot's ghost
 30246 | Orc:1    | Bought a scroll of torment for 313 gold pieces
 30277 | Orc:2    | Entered Level 2 of the Orcish Mines
 30279 | Orc:2    | Noticed Snorg
 30281 | Orc:2    | Noticed an orc warlord
 30298 | Orc:2    | Killed Snorg
 30327 | Orc:1    | Demolished by an orc warlord

Illustrated notes

Levels and vault maps discovered:
D:1:      dpeg_arrival_boxorama, layout_rooms, serial_shops,
          nicolae_shop_advertising_works [nicolae_subvault_shop_adworks],
          hellmonk_ecumenical_altar_leap_of_faith
D:2:      kennysheep_big_flooded_room, layout_basic, serial_rivers,
          chequers_serial_rivers_micro_e, chequers_serial_rivers_room_a,
          chequers_serial_rivers_large_b, chequers_serial_rivers_micro_e,
          chequers_serial_rivers_small_3, basic_altar, uniq_sigmund
D:3:      layout_basic, minmay_door_square, minmay_strange_pillars,
          uniq_crazy_yiuf_cottage, uniq_ijyb
D:4:      layout_loops_ring, temple_fountains, serial_shops, shop_fountains
D:5:      layout_basic, led_xom_imps, gammafunk_ghost_icy
D:6:      layout_basic, uniq_menkaure
D:7:      layout_loops_cross, mainiacjoe_overflow_tiny_flanked,
          nicolae_ashenzari_panopticon, lemuel_zombie_altar_yredelemnul,
          chequers_serial_rivers_marsh, minmay_hollow_rounded_squares
D:8:      layout_rooms, mainiacjoe_overflow_big_doors, lemuel_crystal_altar,
          nzn_ghost_randoct, serial_shops, nicolae_shop_bloodbath_and_beyond,
          nrook_loot_triangle, kennysheep_small_square, uniq_amaemon,
          uniq_maggie, uniq_pikel
D:9:      layout_roguey, orc_0_dummy, uniq_grum
D:10:     minmay_the_grid_square_5x5_4x4 [minmay_the_grid_square_5x5_shrine1,
          minmay_the_grid_square_5x5_inner_z,
          minmay_the_grid_square_5x5_inverted_slash,
          minmay_the_grid_square_5x5_dogpile,
          minmay_the_grid_square_5x5_half_checkered,
          minmay_the_grid_square_5x5_prize_pseudospiral,
          minmay_the_grid_square_5x5_prize_gold,
          minmay_the_grid_square_5x5_slash, minmay_the_grid_square_5x5_bridge,
          minmay_the_grid_square_5x5_prize_snowflake,
          minmay_the_grid_square_5x5_prize_rear_guard,
          minmay_the_grid_square_5x5_trominoes,
          minmay_the_grid_square_5x5_minimal,
          minmay_the_grid_square_5x5_gyroscope,
          minmay_the_grid_square_5x5_three_small,
          minmay_the_grid_square_5x5_seven], layout_loops_cross
D:11:     layout_rooms, erik_lair_island
D:12:     layout_loops_ring, serial_shops, kennysheep_mini_moat, jiyva_altar_1,
          uniq_fannar
D:13:     layout_loops_corners, ximxim_vaults_locker_room, serial_shops,
          bzr_entry_gold, nicolae_shop_trees, shop, nicolae_inconvenience_store,
          uniq_josephine
D:14:     layout_cave_pools, bloody_makhleb, uniq_agnes
D:15:     gammafunk_enter_depths_forms, layout_irregular_city,
          okawaru_gym_becter, serial_bayou_ford_a, grunt_qazlal_sundering,
          uniq_louise, uniq_jorgrun
Lair:1:   layout_gridlike, minivault_26
Lair:2:   layout_loops_ring, skrybe_swamp_entry_bodies, lemuel_old_faithful,
          grunt_megastairs_2
Lair:3:   layout_misc_corridors, minmay_snake_entry_guardpost_medium,
          minmay_stone_trees_small, dreamdust_mushroom_princess,
          grunt_megastairs_4, infiniplex_staircase_pool
Lair:4:   layout_gridlike, nicolae_volcano_entry_batcave
Lair:5:   grunt_lair_end_beastmaster, layout_loops_ring,
          dpeg_slime_entry_enclosed, serial_bayou_shore_b
Orc:1:    cheibrodos_orc_guarddog, layout_caves, ebering_ghost_gozag,
          serial_shops, nicolae_shop_window_shopping, shop_fountains,
          nicolae_shop_overgrown_old_shop, shop, mines2_david, uniq_erica
Orc:2:    grunt_orc_cross, layout_diamond_mine, uniq_snorg, uniq_erolcha

Skill      XL: |  1  2  3  4  5  6  7  8  9 10 11 12 13 14 15 |
---------------+----------------------------------------------+-----
Fighting       | 4 5 6 8 9 11 12 14 15 17 18 | 18.4
Dodging        | 2 3 4 5 6 7 8 9 10 11 | 11.2
Unarmed Combat | 3 4 5 6 8 9 10 12 14 16 17 | 17.6
Armour         | |  1.5

Action                   |  1- 3 |  4- 6 |  7- 9 | 10-12 | 13-15 || total
-------------------------+-------+-------+-------+-------+-------++-------
Melee: Unarmed           |    37 |       |   223 |   808 |  1380 ||  2448
       Punch             |     1 |       |    11 |    67 |   175 ||   254
       Sling             |       |       |     2 |       |       ||     2
 Fire: Sling             |    15 |   189 |   254 |    17 |       ||   475
Throw: Boomerang         |       |       |     4 |    28 |    30 ||    62
       Dart              |       |       |       |     2 |       ||     2
       Throwing net      |       |       |       |     1 |     3 ||     4
Invok: Trog's Hand       |       |       |     6 |    12 |     7 ||    25
       Brothers in Arms  |       |       |       |     2 |     3 ||     5
Evoke: Wand              |       |       |     4 |    16 |    12 ||    32
  Use: Scroll            |     4 |     9 |     8 |     8 |    16 ||    45
 Stab: Paralysed         |       |       |       |     6 |     7 ||    13
       Distracted        |       |       |       |     1 |     1 ||     2
       Petrified         |       |       |       |       |     4 ||     4
       Fleeing           |       |       |       |       |     2 ||     2
       Held in net/web   |       |       |       |       |     1 ||     1
Armor: Leather armour    |    14 |       |   154 |   263 |   488 ||   919
       Ring mail         |       |    62 |    22 |       |       ||    84
Dodge: Dodged            |    35 |    92 |   336 |   702 |  1212 ||  2377
